 Dungeon Crawl Stone Soup version 0.30-a0-310-g7d6cbdfea6 (webtiles) character file.

Game seed: 13893360895431890633

25778 LnG the Unseen (level 13, -3/74 HPs)
             Began as a Kobold Summoner on Oct 24, 2022.
             Was an Elder of Dithmenos.
             Slain by a skeletal warrior
             ... wielding a +1 vorpal hand axe
              (17 damage)
             ... on level 13 of the Dungeon.
             The game lasted 00:48:48 (12763 turns).

LnG the Unseen (Kobold Summoner)                   Turns: 12763, Time: 00:48:49

Health: -3/74      AC:  6    Str:  5    XL:     13   Next: 53%
Magic:  20/31      EV: 22    Int: 25    God:    Dithmenos [****..]
Gold:   637        SH:  0    Dex: 17    Spells: 7/25 levels left

rFire   . . .      SeeInvis +    p - +7 rapier of Bitathru {drain, rPois}
rCold   + . .      Faith    .    (no shield)
rNeg    . . .      Spirit   .    P - +2 robe {rC+}
rPois   +          Reflect  .    (no helmet)
rElec   .          Harm     .    (no cloak)
rCorr   .          Rampage  .    g - +0 pair of gloves
Will    .....                    f - +0 pair of boots Stlth **++++++++
                                 k - amulet "Obatto" {Regen+ Int+5}
HPRegen 1.12/turn                m - ring of see invisible
MPRegen 0.22/turn                H - ring of magical power

@: wreathed by umbra
A: small, no large weapons, nightstalker 3
a: Renounce Religion, Shadow Step


You were on level 13 of the Dungeon.
You worshipped Dithmenos.
Dithmenos was greatly pleased with you.
You visited 2 branches of the dungeon, and saw 14 of its levels.
You also visited: Sewer, Bailey and Ice Cave.

You collected 712 gold pieces.
You spent 75 gold pieces at shops.

Inventory:

Hand Weapons
 a - a +4 dagger of draining
 c - the +10 scimitar "Esazax" {vorpal, rF+++ rC+++ Str-3 Dex-2}
   (You acquired it in a bailey)

   It inflicts extra damage upon your enemies.
   Str:       It affects your strength (-3).
   Dex:       It affects your dexterity (-2).
   rF:        It renders you almost immune to fire.
   rC:        It renders you almost immune to cold.
 p - the +7 rapier of Bitathru (weapon) {drain, rPois}
   (You acquired it in a bailey)

   A truly terrible weapon, it drains the life of any living foe it strikes.
   rPois:     It protects you from poison.
 u - a +2 short sword of venom
 B - a +3 rapier of draining
 M - the +6 spear "Coifosum" {freeze, Str+3}
   (You found it in an ice cave)

   It freezes those it strikes, dealing additional cold damage.
   It can also slow down cold-blooded creatures.
   Str:       It affects your strength (+3).
 O - a +4 dagger of chaos
Missiles
 s - 3 throwing nets
Armour
 f - a +0 pair of boots (worn)
 g - a +0 pair of gloves (worn)
 F - a +0 robe of cold resistance
 N - the +1 robe of Hospitality {Int-2 Dex+10}
   (You found it on level 11 of the Dungeon)

   Int:       It affects your intelligence (-2).
   Dex:       It affects your dexterity (+10).
 P - a +2 robe of cold resistance (worn)
Jewellery
 k - the amulet "Obatto" (around neck) {Regen+ Int+5}
   (You found it on level 2 of the Dungeon)

   [amulet of regeneration]

   Int:       It affects your intelligence (+5).
   Regen:     It increases your rate of health regeneration.
 m - a ring of see invisible (left hand)
 E - a ring of resist corrosion
 H - a ring of magical power (right hand)
Wands
 h - a wand of acid (18)
 I - a wand of roots (8)
 J - a wand of flame (22)
 L - a wand of mindburst (5)
 Q - a wand of paralysis (9)
 S - a wand of digging (4)
Scrolls
 d - 2 scrolls of torment
 j - 3 scrolls of poison (quivered)
 n - 4 scrolls of teleportation
 o - 2 scrolls of brand weapon
 t - a scroll of fog
 y - 5 scrolls of magic mapping
 C - a scroll of immolation
 K - 2 scrolls of noise
 U - a scroll of amnesia {unknown}
Potions
 b - 3 potions of magic
 e - 3 potions of resistance
 i - 2 potions of curing
 l - 3 potions of berserk rage
 q - a potion of lignification
 r - 3 potions of invisibility
 v - 8 potions of haste
 w - a potion of experience {unknown}
 x - 2 potions of brilliance {unknown}
 z - 2 potions of might {unknown}
 A - 5 potions of mutation {unknown}
 D - 4 potions of cancellation {unknown}
 G - a potion of attraction {unknown}
 R - 3 potions of flight {unknown}
Miscellaneous
 T - a condenser vane


   Skills:
 + Level 6.1 Fighting
 + Level 11.4(11.8) Short Blades
 + Level 3.1(5.6) Long Blades
 * Level 11.9 Dodging
 * Level 19.1 Stealth
 + Level 6.6 Spellcasting
 + Level 0.3 Hexes
 + Level 7.2 Summonings
 + Level 1.7 Air Magic


You had 7 spell levels left.
You knew the following spells:

 Your Spells              Type           Power      Damage    Failure   Level
a - Summon Small Mammal   Summ           100%       N/A       1%          1
b - Call Imp              Summ           44%        N/A       1%          2
c - Call Canine Familiar  Summ           44%        N/A       1%          3
d - Summon Guardian Gole  Hex/Summ       27%        N/A       4%          3
e - Summon Lightning Spi  Summ/Air       30%        N/A       11%         4
f - Summon Mana Viper     Hex/Summ       27%        N/A       38%         5

Your spell library contained the following spells:

 Spells                   Type           Power      Damage    Failure   Level
 Sandblast                Erth           16%        2d6       7%          1
 Passwall                 Tmut/Erth      6%         N/A       11%         2
 Kindle Blastsparks       Fire/Tloc/Air  22%        2d11      17%         3
 Tukima's Dance           Hex            10%        N/A       19%         3
 Portal Projectile        Hex/Tloc       18%        N/A       21%         3
 Ignite Poison            Fire/Tmut/Pois 8%         N/A       22%         3
 Stone Arrow              Conj/Erth      16%        3d8       22%         3
 Summon Forest            Summ/Tloc      13%        N/A       41%         5
 Summon Cactus Giant      Summ           22%        N/A       50%         6
 Leda's Liquefaction      Hex/Erth       4%         N/A       54%         4
 Freezing Cloud           Conj/Ice/Air   5%         6-21      83%         5
 Blade Hands              Tmut           4%         N/A       89%         5


Dungeon Overview and Level Annotations

Branches:
Dungeon (13/15)            Temple (1/1) D:7            Lair (0/5) D:9
    Orc (0/2) D:12          Sewer (visited)          Bailey (visited)
  IceCv (visited)
 Vaults: D:13-14

Altars:
Ashenzari
Cheibriados
Dithmenos
Elyvilon
Fedhas
Gozag
Hepliaklqana
Kikubaaqudgha
Makhleb
Nemelex Xobeh
Okawaru
Qazlal
Ru
Sif Muna
Trog
Uskayaw
Vehumet
Wu Jian
Xom
Yredelemnul
Zin
The Shining One

Shops:
D:6 *

Annotations:
D:5 3 runed translucent doors, Darkkill's ghost, novice MiHu


Innate Abilities, Weirdness & Mutations

You are small and have problems with some larger weapons.
You are completely attuned to the shadows.


Message History

The skeletal warrior hits your lightning spire with a +1 vorpal hand axe!
You hit the skeletal warrior but do no damage.
The skeletal warrior is lightly damaged.
Your wolf bites the skeletal warrior but does no damage.
You hit the skeletal warrior.
The skeletal warrior is moderately damaged.
The skeletal warrior hits you with a +1 vorpal hand axe!
The skeletal warrior barely misses your wolf.
The skeletal warrior hits your lightning spire with a +1 vorpal hand axe!
Your wolf barely misses the skeletal warrior.
You hit the skeletal warrior but do no damage.
The skeletal warrior is moderately damaged.
Your wolf barely misses the skeletal warrior.
The skeletal warrior completely misses you.
The skeletal warrior barely misses your wolf.
The skeletal warrior hits your lightning spire with a +1 vorpal hand axe!
Your lightning spire is destroyed!
Your lightning spire disappears in a puff of smoke!
You hit the skeletal warrior.
The skeletal warrior is moderately damaged.
Your wolf bites the skeletal warrior but does no damage.
Unknown command.
Casting: Call Canine Familiar (safe; 1% risk of failure)
Confirm with . or Enter, or press ? or * to list all spells.
An electric hum fills the air.
Your wolf bites the skeletal warrior but does no damage.
The skeletal warrior hits you with a +1 vorpal hand axe!!
* * * LOW HITPOINT WARNING * * *
The skeletal warrior closely misses your wolf.
Your wolf barely misses the skeletal warrior.
The skeletal warrior attacks as you move away!
The skeletal warrior hits you with a +1 vorpal hand axe!
* * * LOW HITPOINT WARNING * * *
x2 The skeletal warrior completely misses your wolf.
Your wolf completely misses the skeletal warrior.
You hit the skeletal warrior but do no damage.
The skeletal warrior is moderately damaged.
Your wolf bites the skeletal warrior but does no damage.
The skeletal warrior hits you with a +1 vorpal hand axe!
You die...

................##.#
.....#..)........#.#
...#.#.........#....
....#.#.#.........###..
...#.#.##........####.
#.##.#.###........###.
#.##h.........#.#.#...
#..8.z#....##.........
##..##@####.##.###.#...
###..###.# #.#..##......
#....# #..###........#...
#....# ##.....#.####.####
#....# ####...####.....
#....# ##...........
#..<.# ##.########..
#....# ##..# #.....
############..######.....


You could see a skeletal warrior (ally target), a friendly wolf (summoned) and a
friendly lightning spire (summoned).

Vanquished Creatures
  3 quicksilver oozes (IceCv)
  2 two-headed ogres
  A catoblepas (D:13)
  2 boulder beetles
  2 tengu warriors (D:13)
  Urug (D:13)
  An orc knight (Bailey)
  4 cyclopes
  An ugly thing (D:12)
  2 ice statues (IceCv)
  2 gargoyles
  Psyche (D:11)
  2 kobold demonologists (D:12)
  2 rime drakes (D:11)
  An unseen horror (D:12)
  A merfolk (D:12)
  Prince Ribbit (D:5)
  A hornet (D:7)
  3 trolls
  18 slime creatures
  2 vampires
  A shadow (D:12)
  8 yaks
  4 wraiths
  2 wargs (D:9)
  An acid dragon (D:13)
  4 water moccasins
  3 orc warriors
  A black bear (D:5)
  3 great orb of eyes simulacra (IceCv)
  5 centaurs
  An ice beast (D:6)
  A phantom (D:5)
  An ogre (D:6)
  5 kobold brigands
  2 slime creature simulacra (IceCv)
  2 bullfrogs (D:8)
  A glowing shapeshifter simulacrum (IceCv)
  3 necrophages
  2 scorpions
  A water moccasin zombie (D:4)
  6 wights
  12 killer bees
  A howler monkey (D:12)
  A lava snake (D:7)
  A hound (D:5)
  5 orc priests
  Jessica (D:2)
  2 iguanas
  9 orc wizards
  2 shapeshifter simulacra (IceCv)
  14 gnolls
  6 adders
  2 river rats (Sewer)
  A shadow imp (D:6)
  An ufetubus (D:3)
  3 worms (Sewer)
  3 dart slugs
  46 orcs
  4 bats
  5 endoplasms
  6 giant cockroaches
  5 goblins
  4 hobgoblins
  7 jackals
  20 kobolds
  6 quokkas
  2 ball pythons
  7 frilled lizards
  A quokka zombie (D:4)
  5 rats
292 creatures vanquished.

Vanquished Creatures (collateral kills)
  3 slime creatures
  A wraith (D:10)
  4 yaks
  A warg (D:9)
  A slime creature simulacrum (IceCv)
  A water moccasin zombie (D:4)
  5 killer bees
  4 orc priests
  4 orc wizards
  4 gnolls
  An adder (Sewer)
  An adder zombie (D:4)
  15 orcs
  A bat (D:1)
  An endoplasm (Sewer)
  3 giant cockroaches (D:1)
  A hobgoblin (D:3)
  A jackal (D:2)
  A quokka (D:4)
  A frilled lizard (D:1)
  A goblin (D:1)
  2 kobolds (Sewer)
  2 rats
59 creatures vanquished.

Vanquished Creatures (others)
  A black bear (D:4)
  2 wights (D:6)
3 creatures vanquished.

Grand Total: 354 creatures vanquished

Notes
Turn   | Place    | Note
-------+----------+-------------------------------------------
     0 | D:1      | LnG the Kobold Summoner began the quest for the Orb.
     0 | D:1      | Reached XP level 1. HP: 10/10 MP: 3/3
   246 | D:1      | Reached XP level 2. HP: 15/15 MP: 5/5
   249 | D:1      | Learned a level 2 spell: Call Imp
   283 | D:1      | Reached skill level 3 in Stealth
   469 | D:1      | Reached XP level 3. HP: 19/20 MP: 6/6
   473 | D:1      | Learned a level 3 spell: Call Canine Familiar
   798 | D:2      | Identified the amulet "Obatto" {Regen+ Int+5}
   824 | D:2      | Reached skill level 4 in Stealth
   968 | D:2      | Reached XP level 4. HP: 24/24 MP: 8/8
  1192 | D:2      | Found a faded altar of an unknown god.
  1270 | D:2      | Noticed Jessica
  1277 | D:2      | Killed Jessica
  1770 | D:3      | Reached skill level 5 in Stealth
  1798 | D:3      | Reached XP level 5. HP: 28/28 MP: 3/9
  1807 | D:3      | Reached skill level 1 in Fighting
  1997 | D:3      | Reached skill level 1 in Short Blades
  2022 | D:3      | Found a sparkling altar of Nemelex Xobeh.
  2347 | D:4      | Learned a level 3 spell: Summon Guardian Golem
  2443 | D:4      | Found an opulent altar of Gozag.
  2503 | D:4      | Reached skill level 6 in Stealth
  2503 | D:4      | Reached XP level 6. HP: 19/34 MP: 10/10
  2525 | D:4      | Found a basalt altar of Yredelemnul.
  2622 | D:4      | Noticed a black bear
  2637 | D:4      | Killed a black bear
  2638 | D:4      | Reached XP level 7. HP: 38/38 MP: 5/11
  2724 | D:4      | Reached skill level 7 in Stealth
  3172 | D:4      | Reached skill level 5 in Dodging
  3651 | D:5      | Entered Level 5 of the Dungeon
  3674 | D:5      | Found a glowing drain.
  3707 | Sewer    | Entered a sewer
  3849 | Sewer    | Reached XP level 8. HP: 40/44 MP: 9/13
  4109 | D:5      | Reached skill level 8 in Stealth
  4312 | D:5      | Reached skill level 5 in Summonings
  4331 | D:5      | Noticed Prince Ribbit
  4335 | D:5      | Killed Prince Ribbit
  4336 | D:5      | Reached skill level 9 in Stealth
  4340 | D:5      | Identified 3 scrolls of acquirement
  4341 | D:5      | Acquired a +3 rapier of draining
  4368 | D:5      | Found a blossoming altar of Fedhas.
  4710 | D:5      | Identified the +4 ring mail of Duty {Harm rF+ Int+3}
  4724 | D:5      | Found a runed translucent gate.
  4725 | D:5      | Found a runed translucent gate.
  4726 | D:5      | Found a runed translucent gate.
  4780 | D:5      | Noticed Darkkill's ghost (novice MiHu)
  4831 | D:6      | Found Banipuca's General Store.
  4833 | D:6      | Reached XP level 9. HP: 49/49 MP: 15/15
  4842 | D:6      | Bought a scroll of identify for 30 gold pieces
  4842 | D:6      | Bought a potion of curing for 45 gold pieces
  5117 | D:6      | Reached skill level 5 in Short Blades
  5117 | D:6      | Reached skill level 10 in Stealth
  5216 | D:6      | Reached skill level 11 in Stealth
  5347 | D:6      | Noticed a troll
  5351 | D:6      | Killed a troll
  5360 | D:6      | Found a shimmering altar of Xom.
  5497 | D:6      | Learned a level 4 spell: Summon Lightning Spire
  5528 | D:7      | Found a flagged portal.
  5535 | Bailey   | Entered a bailey
  5772 | Bailey   | Noticed an orc knight
  5776 | Bailey   | Killed an orc knight
  5777 | Bailey   | Reached skill level 12 in Stealth
  5855 | Bailey   | Acquired the +10 scimitar "Esazax" {vorpal, rF+++ rC+++
                  | Str-3 Dex-2}
  5858 | Bailey   | Acquired the +7 rapier of Bitathru {drain, rPois}
  5922 | D:7      | Found a glowing golden altar of the Shining One.
  5987 | D:7      | Reached XP level 10. HP: 53/54 MP: 16/16
  6259 | D:7      | Reached skill level 13 in Stealth
  6664 | D:7      | Found a staircase to the Ecumenical Temple.
  6673 | Temple   | Entered the Ecumenical Temple
  6710 | Temple   | Became a worshipper of Dithmenos the Shadowed
  7611 | D:8      | Reached * piety under Dithmenos
  7906 | D:8      | Reached skill level 14 in Stealth
  7919 | D:8      | Reached skill level 5 in Spellcasting
  8062 | D:8      | Learned a level 5 spell: Summon Mana Viper
  8319 | D:9      | Noticed a two-headed ogre
  8321 | D:9      | Killed a two-headed ogre
  8322 | D:9      | Reached XP level 11. HP: 60/60 MP: 18/18
  8359 | D:9      | Found a staircase to the Lair.
  8505 | D:9      | Reached skill level 1 in Air Magic
  8616 | D:9      | Found an iron altar of Okawaru.
  8730 | D:9      | Found a broken altar of Ashenzari.
  9126 | D:9      | Found an ornate altar of the Wu Jian Council.
  9158 | D:10     | Entered Level 10 of the Dungeon
  9281 | D:10     | Reached ** piety under Dithmenos
  9343 | D:10     | Reached skill level 15 in Stealth
  9816 | D:10     | Found a hazy altar of Hepliaklqana.
  9902 | D:11     | Found a frozen archway.
  9910 | IceCv    | Entered an ice cave
 10042 | IceCv    | Reached skill level 10 in Dodging
 10054 | IceCv    | Reached skill level 1 in Long Blades
 10155 | IceCv    | Reached XP level 12. HP: 54/68 MP: 20/20
 10193 | IceCv    | Reached skill level 16 in Stealth
 10235 | IceCv    | Noticed a quicksilver ooze
 10240 | IceCv    | Killed a quicksilver ooze
 10248 | IceCv    | Reached skill level 5 in Fighting
 10253 | IceCv    | Noticed a quicksilver ooze
 10257 | IceCv    | Killed a quicksilver ooze
 10427 | IceCv    | Reached *** piety under Dithmenos
 10455 | IceCv    | Found a viscous altar of Jiyva.
 10455 | IceCv    | Noticed an azure jelly
 10470 | IceCv    | Identified the +1 ice dragon scales of the Trees {rF- rC++
                  | rN+}
 10473 | IceCv    | Noticed a quicksilver ooze
 10477 | IceCv    | Killed a quicksilver ooze
 10478 | IceCv    | Reached skill level 17 in Stealth
 10486 | IceCv    | Got the +6 spear "Coifosum" {freeze, Str+3}
 10832 | D:11     | Noticed a boulder beetle
 10836 | D:11     | Killed a boulder beetle
 11041 | D:11     | Identified the +1 robe of Hospitality {Int-2 Dex+10}
 11052 | D:11     | Noticed Psyche
 11056 | D:11     | Killed Psyche
 11239 | D:12     | Found a staircase to the Orcish Mines.
 11245 | D:12     | Noticed a two-headed ogre
 11266 | D:12     | Killed a two-headed ogre
 11267 | D:12     | Reached skill level 10 in Short Blades
 11410 | D:12     | Reached skill level 18 in Stealth
 11414 | D:12     | Reached XP level 13. HP: 70/73 MP: 22/22
 12308 | D:13     | Reached **** piety under Dithmenos
 12330 | D:13     | Noticed a catoblepas
 12333 | D:13     | Killed a catoblepas
 12563 | D:13     | Noticed Urug
 12567 | D:13     | Killed Urug
 12591 | D:13     | Reached skill level 19 in Stealth
 12739 | D:13     | Found an ancient bone altar of Kikubaaqudgha.
 12763 | D:13     | Slain by a skeletal warrior

Illustrated notes

Levels and vault maps discovered:
D:1:      roderic_octagonal_star, layout_basic, grunt_decor_one_mirror,
          chequers_serial_rivers_micro_e, st_stairs_14
D:2:      layout_basic, dreamdust_ecumenical_altar_statues, uniq_jessica
D:3:      layout_loops_ring, nemelex_xobeh_ov_fountains_minmay
D:4:      layout_cave_pods, nicolae_yredelemnul_corpse_copse,
          general_overflow_altar, st_stairs_6
D:5:      layout_loops_ring, lemuel_crystal_altar, portal_sewer_entry_f,
          biasface_ghost_orc_armoury, uniq_prince_ribbit1
D:6:      layout_basic, xom_butterflies, serial_shops,
          nicolae_shop_advertising_works [nicolae_subvault_shop_adworks]
D:7:      layout_gridville, mainiacjoe_overflow_chevrons,
          minmay_temple_entry_antechambers, enter_bailey_1,
          kennysheep_small_spiral, hangedman_decor_opposing
D:8:      layout_cave_pools
D:9:      layout_rooms, marbit_many_paths, nicolae_ashenzari_panopticon,
          nicolae_wu_jian_immortal_techniques, erik_lair_orcish_takeover
D:10:     layout_roguey, lemuel_tele_altar
D:11:     layout_small_grid, portal_ice_cave_rime, gauntlet_entry_generic,
          uniq_psyche
D:12:     layout_loops_cross, david_orc_3, hangedman_fish_farm
D:13:     layout_rooms, lightli_vaults_fourway_checkpoint,
          kiku_gazebo_pond_becter, uniq_nessos, uniq_urug
Temple:   hellmonk_temple_two_chambers

Skill      XL: |  1  2  3  4  5  6  7  8  9 10 11 12 13 |
---------------+----------------------------------------+-----
Stealth        | 3 4 5 6 7 9 12 14 15 18 19 | 19.1
Dodging        | 3 4 5 6 7 9 10 11 | 11.9
Fighting       | 1 2 3 4 5 6 |  6.1
Short Blades   | 1 2 4 5 8 9 10 11 | 11.4
Spellcasting   | 3 4 5 6 |  6.6
Summonings     | 5 6 7 |  7.2
Air Magic      | 1 |  1.7
Long Blades    | 1 3 |  3.1
Hexes          | |  0.3

Action                   |  1- 3 |  4- 6 |  7- 9 | 10-12 | 13-15 || total
-------------------------+-------+-------+-------+-------+-------++-------
Melee: Unarmed           |    12 |       |       |       |       ||    12
       Dagger            |    42 |   125 |   207 |       |       ||   374
       Punch             |       |     2 |     3 |    13 |     2 ||    20
       Rapier            |       |       |    98 |   350 |   113 ||   561
       Scimitar          |       |       |       |    38 |       ||    38
 Cast: Summon Small Mamm |     8 |       |       |       |       ||     8
       Call Imp          |     2 |     2 |     4 |    12 |     1 ||    21
       Call Canine Famil |     1 |     6 |    11 |    29 |     6 ||    53
       Summon Guardian G |       |     1 |     2 |     1 |       ||     4
       Summon Lightning  |       |       |       |     8 |     3 ||    11
  Use: Scroll            |       |     3 |    11 |    11 |     2 ||    27
       Potion            |       |       |     1 |     8 |     1 ||    10
 Stab: Sleeping          |    12 |    13 |    40 |    51 |    15 ||   131
       Distracted        |       |     2 |     1 |     7 |     1 ||    11
       Betrayed ally     |       |       |     1 |     1 |       ||     2
Armor: Robe              |    14 |    22 |    34 |    25 |    10 ||   105
Dodge: Dodged            |    46 |    99 |   224 |   348 |    95 ||   812

Table legend: (Time is in decaauts)
 A = Elapsed time spent in this place.
 B = Non-inter-level travel time spent in this place.
 C = Inter-level travel time spent in this place.
 D = Time resting spent in this place.
 E = Time spent auto-exploring this place.
 F = Levels seen in this place.
 G = Mean time per level.
                   A        B        C        D        E       F      G
               +--------+--------+--------+--------+--------+-----+--------+
         Total |  12707 |  12343 |    364 |   1013 |   7327 |  17 |  747.5 |
       Dungeon |  11220 |  10872 |    348 |    768 |   7062 |  13 |  863.1 |
        Temple |     43 |     27 |     16 |      0 |     18 |   1 |   43.0 |
         Sewer |    454 |    454 |      0 |      0 |    244 |   1 |  454.0 |
        Bailey |    327 |    327 |      0 |     23 |      3 |   1 |  327.0 |
      Ice Cave |    661 |    661 |      0 |    222 |      0 |   1 |  661.0 |
               +--------+--------+--------+--------+--------+-----+--------+

Top non-repeatable levels by time:
     D:7: 1649 daAuts
     D:4: 1302 daAuts
    D:12: 993 daAuts
     D:3: 852 daAuts
     D:2: 831 daAuts
     D:9: 830 daAuts
    D:11: 759 daAuts
     D:5: 754 daAuts
     D:8: 744 daAuts
     D:6: 728 daAuts
    D:10: 698 daAuts
   IceCv: 661 daAuts
     D:1: 651 daAuts
   Sewer: 454 daAuts
    D:13: 423 daAuts
